 Dungeon Crawl Stone Soup version 0.28-a0-1624-g820543e53a (webtiles) character file.

Game seed: 14257308207482352081

39751 a3don the Thaumaturge (level 14, 0/105 HPs)
             Began as a Djinni Hedge Wizard on Jan 23, 2022.
             Was the Champion of Makhleb.
             Slain by a five-headed hydra (3 damage)
             ... while petrified by a basilisk
             ... on level 3 of the Lair of Beasts on Jan 24, 2022.
             The game lasted 02:06:02 (21687 turns).

a3don the Thaumaturge (Djinni Hedge Wizard)        Turns: 21687, Time: 02:06:05

Health: 0/105      AC:  8    Str: 15    XL:     14   Next: 41%
Gold:   593        EV:  2    Int: 27    God:    Makhleb [******] SH:  0 Dex: 13

rFire   + + .      SeeInvis .   a - +2 short sword (elec)
rCold   x . .      Faith    .   p - +1 buckler {rN+}
rNeg    + + +      Spirit   .   Z - +0 troll leather armour
rPois   ∞          Reflect  +   f - +2 helmet
rElec   .          Harm     .   (no cloak)
rCorr   .          Rampage  .   h - +0 pair of gloves
Will    +....                   (boots unavailable)
Stlth   ++........              q - amulet of reflection
HPRegen 1.07/turn               u - +6 ring of intelligence
MPRegen 0.00/turn               Y - +6 ring of strength

@: petrified, flying
A: sickness immunity, fire resistance 2, cold vulnerability 1, float, innate
caster, hp casting, extra vitality 1
a: Renounce Religion, Minor Destruction, Lesser Servant of Makhleb, Major
Destruction, Greater Servant of Makhleb


You were on level 3 of the Lair of Beasts.
You worshipped Makhleb.
Makhleb was exalted by your worship.
You visited 3 branches of the dungeon, and saw 16 of its levels.
You also visited: Ossuary.

You collected 1590 gold pieces.
You spent 997 gold pieces at shops.

Inventory:

Hand Weapons
 a - a +2 short sword of electrocution (weapon)
 b - a +1 fustibalus
 x - the +6 mace "Starlight" {pain, Str+3}
   (You found it on level 5 of the Dungeon)

   In the hands of one skilled in necromantic magic, it inflicts extra damage on
   living creatures.
   Your inability to study Necromancy prevents you from drawing on the full
   power of this weapon.
   Str:       It affects your strength (+3).
 E - a +2 whip of electrocution
 O - a +2 long sword of holy wrath
 X - a +2 war axe of distortion
Missiles
 c - 96 sling bullets
 e - 2 curare-tipped darts
 i - 35 poisoned darts
 W - a throwing net
Armour
 f - a +2 helmet (worn)
 g - a +1 robe of willpower
 h - a +0 pair of gloves (worn)
 p - a +1 buckler of positive energy (worn)
 Z - a +0 troll leather armour (worn)
Magical Staves
 j - a staff of death
 s - a staff of conjuration
 w - a staff of air
Jewellery
 q - an amulet of reflection (around neck)
 u - a +6 ring of intelligence (left hand)
 B - a ring of ice
 I - a ring of resist corrosion
 L - a ring of positive energy
 Y - a +6 ring of strength (right hand)
Wands
 y - a wand of iceblast (10)
 A - a wand of acid (6)
 G - a wand of digging (6)
 H - a wand of flame (26)
 Q - a wand of polymorph (9)
 R - a wand of charming (6)
Scrolls
 d - 2 scrolls of enchant weapon
 m - 6 scrolls of vulnerability
 r - 3 scrolls of holy word
 t - 3 scrolls of teleportation
 v - 5 scrolls of blinking
 z - a scroll of brand weapon {unknown}
 S - 3 scrolls of fog
 T - a scroll of amnesia {unknown}
 U - 2 scrolls of noise {unknown}
Potions
 k - 2 potions of invisibility {unknown}
 l - a potion of brilliance {unknown}
 n - 2 potions of resistance {unknown}
 o - 4 potions of might
 C - 2 potions of ambrosia
 D - 2 potions of cancellation
 F - 4 potions of curing
 J - 4 potions of heal wounds
 K - a potion of haste {unknown}
 M - 2 potions of berserk rage {unknown}
 N - a potion of mutation {unknown}
 V - 3 potions of degeneration {unknown}


   Skills:
 + Level 11.1 Fighting
 + Level 2.3(3.1) Short Blades
 - Level 3.0(3.4) Long Blades
 - Level 6.0 Slings
 - Level 3.0 Armour
 + Level 5.4 Dodging
 + Level 3.9 Stealth
 - Level 5.0 Shields
 + Level 11.5 Spellcasting
 + Level 9.6 Invocations
 - Level 3.7 Evocations


You had 5 spell levels left.
You knew the following spells:

 Your Spells              Type           Power      Damage    Failure   Level
a - Magic Dart            Conj           100%       1d8       1%          1
b - Foxfire               Conj/Fire      100%       2x1d9     1%          1
c - Poisonous Vapours     Pois/Air       100%       N/A       1%          2
d - Slow                  Hex            100%       N/A       1%          1
e - Conjure Flame         Conj/Fire      67%        6-21      1%          3
f - Mephitic Cloud        Conj/Pois/Air  67%        N/A       1%          3
g - Call Imp              Summ           67%        N/A       1%          2
h - Blink                 Tloc           100%       N/A       1%          2
i - Tukima's Dance        Hex            67%        N/A       1%          3
j - Olgreb's Toxic Radia  Pois           67%        N/A       1%          4
k - Cause Fear            Hex            33%        N/A       1%          4
l - Alistair's Intoxicat  Tmut/Pois      44%        N/A       1%          5
Your spell library was empty.

Dungeon Overview and Level Annotations

Branches:
Dungeon (10/15)            Temple (0/1) D:6            Lair (4/6) D:8
 Shoals (0/4) Lair:3       Spider (0/4) Lair:3          Orc (2/2) D:10
    Elf (0/3) Orc:2       Ossuary (visited)

Altars:
Ashenzari
Cheibriados
Dithmenos
Elyvilon
Kikubaaqudgha
Makhleb
Nemelex Xobeh
Okawaru
Qazlal
Sif Muna
Vehumet
Wu Jian
Xom
Yredelemnul

Shops:
D:10 ?   Orc:2 =:[=

Annotations:
Lair:2 1 runed translucent door, Clumpoid's ghost, journeyman GnFi


Innate Abilities, Weirdness & Mutations

You are immune to sickness and miasma.
You are immune to poison.
Your flesh is very heat resistant. (rF++)
You are vulnerable to cold. (rC-)
You float through the air rather than walking.
You learn spells naturally, not from books.
Your magical power is your life essence.
You have superior vitality. (+4 MHP)


Message History

The five-headed hydra bites you.
The five-headed hydra barely misses you.
You block the five-headed hydra's attack. x2
The basilisk gazes at you.
You are slowing down.
The bullfrog hits you but does no damage.
You fly upwards.
You have turned to stone.
The five-headed hydra bites you.
The five-headed hydra barely misses you.
The five-headed hydra bites you but does no damage. x2
The five-headed hydra bites you!
The bullfrog hits you but does no damage.
The bullfrog hits you. The five-headed hydra bites you!
The five-headed hydra bites you. x2; The five-headed hydra bites you!
The five-headed hydra bites you but does no damage.
The bullfrog hits you but does no damage.
The five-headed hydra bites you! The five-headed hydra bites you.
The five-headed hydra bites you! The five-headed hydra bites you.
The five-headed hydra bites you!
* * * LOW HITPOINT WARNING * * *
The bullfrog hits you.
The bullfrog hits you but does no damage.
The five-headed hydra bites you!
* * * LOW HITPOINT WARNING * * *
The five-headed hydra bites you.
* * * LOW HITPOINT WARNING * * *
The five-headed hydra bites you.
The five-headed hydra bites you but does no damage.
The five-headed hydra bites you!
* * * LOW HITPOINT WARNING * * *
The bullfrog hits you.
* * * LOW HITPOINT WARNING * * *
The five-headed hydra bites you!
* * * LOW HITPOINT WARNING * * *
The five-headed hydra bites you!
* * * LOW HITPOINT WARNING * * *
The five-headed hydra bites you!
* * * LOW HITPOINT WARNING * * *
The five-headed hydra bites you.
You die...

...............###.......#....^..
......##.....................##..
..#...P##...#.P......[.......#^##
.......#######....###...........#
.......# ####....####....<...#^..
.......# #.###....##.........#.#^
....P.## ##..##..#######......#.^
#....## #..(..FD# ##.#...#.#
.....#####......@# ##..#..P..
..#..##.#......### #..###....
.............### ##.# #....
#.###.....#### ##.####...
.....#.....# ##P..##....
..........## #...PP##...
.#.......## #......#...
#####....# ####### #..<..#.##. .#
###.## ###..#..####......###.


You could see a five-headed hydra and a bullfrog.

Vanquished Creatures
  3 hydras
  A two-headed ogre (D:9)
  8 orc high priests
  Nergalle (Lair:3)
  3 orc sorcerers (Orc:1)
  9 orc knights
  An oklob plant (Orc:1)
  3 black mambas
  A merfolk siren (Lair:3)
  5 elephants
  3 cane toads
  2 rime drakes
  A merfolk (Lair:3)
  4 trolls
  A hornet (D:10)
  A tarantella (Lair:3)
  8 blink frogs
  31 yaks
  4 wyverns
  A shadow (D:10)
  A wraith (D:10)
  2 steam dragons
  4 basilisks
  4 wargs
  5 water moccasins
  48 orc warriors
  An ice beast (D:5)
  2 sky beasts
  3 black bears
  2 necrophages
  A centaur (D:7)
  10 ogres
  3 kobold brigands
  10 bullfrogs
  2 scorpions
  A wyvern zombie (D:8)
  A wyvern skeleton (D:7)
  A water moccasin skeleton (D:6)
  6 killer bees (D:8)
  5 wights
  4 howler monkeys
  5 centaur zombies
  A bullfrog zombie (D:6)
  A jelly (D:4)
  A bullfrog skeleton (D:7)
  A hound (D:6)
  A human zombie (Ossuary)
  A gnoll shaman (D:5)
  29 orc priests
  A centaur skeleton (D:6)
  14 orc wizards
  A killer bee zombie (D:8)
  A hound zombie (D:5)
  2 mummies (Ossuary)
  7 adders
  5 gnolls (D:5)
  An ufetubus (D:6)
  2 adder zombies
  A worm (D:3)
  A dart slug (D:1)
  83 orcs
  6 endoplasms
  3 giant cockroaches
  7 goblins
  7 hobgoblins
  5 jackals
  14 kobolds
  6 quokkas
  5 ball pythons
  7 bats
  A frilled lizard (D:3)
  3 goblin zombies (Ossuary)
  12 hobgoblin zombies (Ossuary)
  11 kobold zombies (Ossuary)
  4 orc zombies (Ossuary)
  7 rats
  3 rat zombies (Ossuary)
467 creatures vanquished.

Vanquished Creatures (collateral kills)
  An orc knight (Orc:2)
  An elephant (Lair:1)
  A cane toad (Lair:1)
  A troll (Orc:2)
  A yak (Lair:2)
  A steam dragon (D:10)
  2 water moccasins
  3 orc warriors
  A water moccasin skeleton (D:4)
  A wight (D:7)
  2 orc priests
  2 iguanas
  An orc (D:10)
  3 goblins (D:8)
  9 foxfires
30 creatures vanquished.

Vanquished Creatures (others)
  A bush (D:8)
  1095 foxfires
  16 fungi
  32 plants
1144 creatures vanquished.

Grand Total: 1641 creatures vanquished

Notes
Turn   | Place    | Note
-------+----------+-------------------------------------------
     0 | D:1      | a3don the Djinni Hedge Wizard began the quest for the Orb.
     0 | D:1      | Reached XP level 1. HP: 15/15 MP: 0/0
   129 | D:1      | Reached XP level 2. HP: 10/21 MP: 0/0
  1053 | D:1      | Reached XP level 3. HP: 23/25 MP: 0/0
  1053 | D:1      | Learned a level 1 spell: Foxfire
  1120 | D:1      | Found a faded altar of an unknown god.
  3151 | D:3      | Found a burning altar of Makhleb.
  3158 | D:2      | Reached XP level 4. HP: 25/31 MP: 0/0
  3333 | D:3      | Became a worshipper of Makhleb the Destroyer
  3545 | D:3      | Found a white marble altar of Elyvilon.
  3860 | D:3      | Reached XP level 5. HP: 33/35 MP: 0/0
  3860 | D:3      | Learned a level 2 spell: Poisonous Vapours
  5430 | D:4      | Reached XP level 6. HP: 38/40 MP: 0/0
  5496 | D:4      | Reached skill level 5 in Spellcasting
  5608 | D:4      | Reached * piety under Makhleb
  5899 | D:4      | Found a basalt altar of Yredelemnul.
  5945 | D:4      | Found a sparkling altar of Nemelex Xobeh.
  6156 | D:4      | Found a shadowy altar of Dithmenos.
  6209 | D:5      | Entered Level 5 of the Dungeon
  6211 | D:5      | Noticed a necrophage
  6215 | D:5      | Killed a necrophage
  6216 | D:5      | Reached XP level 7. HP: 41/45 MP: 0/0
  6216 | D:5      | Learned a level 3 spell: Tukima's Dance
  6362 | D:5      | Identified the +6 mace "Starlight" {pain, Str+3}
  6646 | D:5      | Reached XP level 8. HP: 35/50 MP: 0/0
  7153 | D:6      | Found a sand-covered staircase.
  7158 | Ossuary  | Entered an ossuary
  7170 | Ossuary  | Reached ** piety under Makhleb
  8181 | D:6      | Found a staircase to the Ecumenical Temple.
  8263 | D:6      | Found a broken altar of Ashenzari.
  8965 | D:6      | Reached XP level 9. HP: 47/55 MP: 0/0
  8965 | D:6      | Learned a level 4 spell: Olgreb's Toxic Radiance
  8969 | D:6      | Reached *** piety under Makhleb
  9410 | D:7      | Found an iron altar of Okawaru.
  9421 | D:7      | Found a snail-covered altar of Cheibriados.
  9450 | D:7      | Reached skill level 1 in Fighting
  9683 | D:7      | Reached skill level 1 in Invocations
  9727 | D:7      | Reached skill level 1 in Shields
  9786 | D:7      | Reached skill level 1 in Slings
 10511 | D:8      | Found a stormy altar of Qazlal.
 10654 | D:8      | Reached XP level 10. HP: 53/67 MP: 0/0
 11240 | D:8      | Found a staircase to the Lair.
 11258 | D:8      | Reached skill level 5 in Fighting
 11942 | Lair:1   | Entered Level 1 of the Lair of Beasts
 11949 | Lair:1   | Noticed a four-headed hydra
 11954 | Lair:1   | Reached **** piety under Makhleb
 12269 | D:9      | Noticed a two-headed ogre
 12291 | D:9      | Killed a two-headed ogre
 12292 | D:9      | Reached XP level 11. HP: 54/77 MP: 0/0
 12292 | D:9      | Learned a level 4 spell: Cause Fear
 13146 | D:10     | Entered Level 10 of the Dungeon
 13628 | D:10     | Found Jomyfarch's Magic Scroll Shop.
 13633 | D:10     | Bought a scroll of enchant weapon for 75 gold pieces
 13635 | D:10     | Bought a scroll of fog for 20 gold pieces
 13635 | D:10     | Bought a scroll of blinking for 75 gold pieces
 13976 | D:10     | Found an ornate altar of the Wu Jian Council.
 14110 | D:10     | Reached skill level 1 in Armour
 14110 | D:10     | Reached skill level 5 in Shields
 14110 | D:10     | Reached skill level 5 in Invocations
 14110 | D:10     | Reached skill level 1 in Evocations
 14214 | D:10     | Reached skill level 1 in Long Blades
 14249 | D:10     | Found a staircase to the Orcish Mines.
 14451 | D:10     | Reached ***** piety under Makhleb
 14863 | Orc:1    | Entered Level 1 of the Orcish Mines
 14863 | Orc:1    | Noticed an orc sorcerer
 14868 | Orc:1    | Noticed an orc knight
 14869 | Orc:1    | Noticed an orc knight
 14870 | Orc:1    | Killed an orc sorcerer
 14878 | Orc:1    | Killed an orc knight
 14881 | Orc:1    | Killed an orc knight
 15016 | Orc:1    | Noticed an orc high priest
 15032 | Orc:1    | Killed an orc high priest
 15033 | Orc:1    | Reached XP level 12. HP: 63/86 MP: 0/0
 15141 | Orc:2    | Entered Level 2 of the Orcish Mines
 15157 | Orc:2    | Reached skill level 10 in Spellcasting
 15283 | Orc:2    | Found a staircase to the Elven Halls.
 15593 | Orc:2    | Found a shimmering altar of Xom.
 15700 | Orc:2    | Noticed an orc high priest
 15712 | Orc:2    | Killed an orc high priest
 15715 | Orc:2    | Reached ****** piety under Makhleb
 15966 | Orc:2    | Noticed an orc high priest
 15973 | Orc:2    | Killed an orc high priest
 16014 | Orc:2    | Noticed an orc high priest
 16025 | Orc:2    | Killed an orc high priest
 16080 | Orc:2    | Noticed an orc high priest
 16083 | Orc:2    | Reached skill level 5 in Slings
 16092 | Orc:2    | Killed an orc high priest
 16093 | Orc:2    | Reached XP level 13. HP: 72/94 MP: 0/0
 16093 | Orc:2    | Learned a level 5 spell: Alistair's Intoxication
 16588 | Orc:2    | Found Woejaur's Armour Boutique.
 16591 | Orc:2    | Found Jawed's Jewellery Boutique.
 16593 | Orc:2    | Found Tegef's Book Shop.
 16594 | Orc:2    | Found Wesuimyf's Jewellery Boutique.
 16600 | Orc:2    | Bought a +0 pair of gloves for 67 gold pieces
 16879 | Orc:1    | Reached skill level 10 in Fighting
 17489 | Orc:2    | Bought a +6 ring of intelligence for 760 gold pieces
 17680 | D:8      | Killed a four-headed hydra
 18432 | Lair:1   | Noticed an eight-headed hydra
 18477 | Lair:1   | Killed an eight-headed hydra
 18858 | Lair:2   | Reached XP level 14. HP: 95/103 MP: 0/0
 19433 | Lair:2   | Reached skill level 1 in Short Blades
 19580 | Lair:2   | Reached skill level 5 in Dodging
 19731 | Lair:2   | Found a runed translucent door.
 19748 | Lair:2   | Noticed Clumpoid's ghost (journeyman GnFi)
 20411 | Lair:3   | Noticed Nergalle
 20456 | Lair:3   | Killed Nergalle
 21347 | Lair:3   | Found a staircase to the Shoals.
 21483 | Lair:3   | Found a hole to the Spider Nest.
 21687 | Lair:3   | HP: 3/105 [five-headed hydra (7)]
 21687 | Lair:3   | Slain by a five-headed hydra

Illustrated notes

Levels and vault maps discovered:
D:1:      dpeg_arrival_tiny_c, layout_basic,
          hellmonk_ecumenical_altar_crossroads, roderic_three_in_a_row,
          minmay_crystal_water
D:2:      layout_basic, kennysheep_generic_room_15
D:3:      layout_rooms, mainiacjoe_overflow_concentric_impassable,
          bloody_makhleb
D:4:      layout_cave_pools, marbit_many_paths, minitemple
D:5:      layout_rooms, nrook_uturn
D:6:      layout_gridville, grunt_temple_overflow_diamond,
          minmay_temple_entry_mini_moons, nicolae_ossuary_entry_plus
D:7:      layout_basic, mainiacjoe_overflow_tiny_flanked,
          general_overflow_altar, minmay_stone_trees_medium
D:8:      layout_loops_corners, mainiacjoe_overflow_brackets,
          minmay_lair_entry_grove, enter_bailey_3
D:9:      layout_roguey
D:10:     layout_stronghold, nzn_wu_jian_contemplation, david_orc_4,
          serial_shops, kennysheep_little_box
Lair:1:   layout_hall_layers
Lair:2:   layout_cave_pods, serial_forest, infiniplex_forest_end_2,
          infiniplex_forest_lined_2, infiniplex_forest_lined_3,
          infiniplex_forest_clump_tiny, ebering_ghost_reflecting_pool
Lair:3:   layout_misc_corridors, elwin_shoals_entry_rooms,
          spider_nest_entry_rubble, infiniplex_staircase_pool_2, uniq_nergalle
Lair:4:   layout_regular_city, beast_lair_carwin_1, grunt_megastairs_5,
          serial_bayou_shore_a, uniq_kirke
Orc:1:    layout_caves, mines3_lemuel
Orc:2:    st_orc_pillars, layout_diamond_mine, portal_ice_cave_entry_pillars_1,
          lemuel_statue_altar

Skill      XL: |  1  2  3  4  5  6  7  8  9 10 11 12 13 14 |
---------------+-------------------------------------------+-----
Spellcasting   | 3 4 5 6 8 9 10 11 | 11.5
Fighting       | 3 6 7 9 10 11 | 11.1
Invocations    | 2 4 5 7 9 |  9.6
Shields        | 2 4 5 |  5.0
Slings         | 2 3 4 5 6 |  6.0
Stealth        | 2 3 |  3.9
Armour         | 2 3 |  3.0
Evocations     | 2 3 |  3.7
Long Blades    | 2 3 |  3.0
Dodging        | 4 5 |  5.4
Short Blades   | 2 |  2.3

Action                   |  1- 3 |  4- 6 |  7- 9 | 10-12 | 13-15 || total
-------------------------+-------+-------+-------+-------+-------++-------
Melee: Dagger            |     5 |     5 |    17 |    22 |     4 ||    53
       Whip              |       |       |    11 |    16 |       ||    27
       Long sword        |       |       |     4 |    29 |       ||    33
       Short sword       |       |       |       |    13 |    89 ||   102
 Fire: Fustibalus        |       |       |     8 |    22 |     9 ||    39
 Cast: Magic Dart        |    79 |    43 |     5 |     2 |       ||   129
       Call Imp          |     2 |     5 |     3 |    15 |    37 ||    62
       Blink             |     1 |       |     6 |     1 |     3 ||    11
       Foxfire           |     3 |    74 |   275 |   106 |   173 ||   631
       Poisonous Vapours |       |    20 |     2 |    54 |    53 ||   129
       Mephitic Cloud    |       |       |    12 |    57 |    48 ||   117
       Olgreb's Toxic Ra |       |       |     8 |   107 |    71 ||   186
       Tukima's Dance    |       |       |     3 |     2 |     2 ||     7
       Slow              |       |       |     1 |       |       ||     1
       Conjure Flame     |       |       |       |     1 |       ||     1
       Cause Fear        |       |       |       |    16 |    20 ||    36
       Alistair's Intoxi |       |       |       |       |    12 ||    12
Invok: Lesser Servant of |       |       |       |       |     1 ||     1
  Use: Scroll            |     5 |       |     4 |    10 |     1 ||    20
       Potion            |       |       |       |     1 |     1 ||     2
 Stab: Confused          |       |       |     2 |     4 |     6 ||    12
       Distracted        |       |       |       |     1 |     2 ||     3
       Fleeing           |       |       |       |       |     1 ||     1
Armor: Robe              |     7 |     6 |    17 |     6 |       ||    36
       Troll leather arm |       |       |       |    17 |    27 ||    44
Dodge: Dodged            |    14 |    14 |    35 |    46 |    68 ||   177
Block: Buckler           |       |     3 |    53 |    65 |    71 ||   192
       Reflection        |       |     1 |       |     9 |     1 ||    11

Table legend: (Time is in decaauts)
 A = Elapsed time spent in this place.
 B = Non-inter-level travel time spent in this place.
 C = Inter-level travel time spent in this place.
 D = Time resting spent in this place.
 E = Time spent auto-exploring this place.
 F = Levels seen in this place.
 G = Mean time per level.
                   A        B        C        D        E       F      G
               +--------+--------+--------+--------+--------+-----+--------+
         Total |  21733 |  20784 |    949 |   7018 |   9598 |  17 | 1278.4 |
       Dungeon |  14033 |  13432 |    601 |   4414 |   7152 |  10 | 1403.3 |
          Lair |   4015 |   3872 |    143 |   1324 |   1566 |   4 | 1003.8 |
  Orcish Mines |   2708 |   2503 |    205 |    683 |    880 |   2 | 1354.0 |
       Ossuary |    976 |    976 |      0 |    597 |      0 |   1 |  976.0 |
               +--------+--------+--------+--------+--------+-----+--------+

Top non-repeatable levels by time:
     D:8: 2333 daAuts
   Orc:2: 1849 daAuts
     D:2: 1849 daAuts
    D:10: 1789 daAuts
     D:3: 1695 daAuts
  Lair:2: 1673 daAuts
     D:1: 1619 daAuts
  Lair:1: 1185 daAuts
  Lair:3: 1134 daAuts
     D:5: 1099 daAuts
     D:6: 1053 daAuts
     D:4: 1047 daAuts
     D:9: 980 daAuts
 Ossuary: 976 daAuts
   Orc:1: 858 daAuts
